AoeStats
← RedPhosphoru

Arabian Desert

510239368Analyzed
1v1 RM · 1d ago on Sep 30, 2026· 25m 47s· 2 players
Game mode
Random Map
Map size
Tiny (2 player)
Population
200
Speed
Normal
Resources
Standard
Victory
Conquest
Starting age
Dark Age
Ending age
Imperial Age
RankedLock teamsTeams togetherTeam positionsShared explorationLock speedFull tech treeHidden civsTurbo modeCheats
Victory
Defeat
🇺🇸 Mapuche · United States
2392
+7
🇨🇱 Teutons · Chile
2184
-7
Darth Maul
6:23 Loom
9:31 Feudal Age
11:13 Man-at-Arms
16:51 Wheelbarrow
16:03 Town Watch
RedPhosphoru
7:54 Loom
9:39 Feudal Age
14:26 Castle Age
17:26 Fletching
20:12 Bodkin Arrow
22:12 Double-Bit Axe
Connection lost

Rejoining the realm…

Still unreachable

The connection could not be restored.

Session expired

The server has moved on; the page needs a fresh start.